 Dungeon Crawl Stone Soup version 0.32-a0-872-g59262bd (webtiles) character file.

Game seed: 2431449563915008559

998 lyrin the Shooter (level 8, 0/44 HPs)
             Began as a Deep Elf Summoner on Mar 30, 2024.
             Succumbed to a water moccasin's poison
             ... on level 5 of the Dungeon.
             The game lasted 00:09:26 (4855 turns).

lyrin the Shooter (Deep Elf Summoner)               Turns: 4855, Time: 00:09:27

Health: 0/44       AC: 14    Str:  5    XL:     8   Next: 0%
Magic:  16/18      EV: 12    Int: 21    God:
Gold:   395        SH:  0    Dex: 15    Spells: 8/17 levels left

rFire   + . .        k - +1 sling (elec)
rCold   . . .        (no shield)
rNeg    . . .        a - +0 robe
rPois   .            (no helmet)
rElec   .            l - +2 cloak
rCorr   .            u - +0 pair of gloves
SInv    .            (no boots)
Will    .....        (no amulet)
Stlth   ++           d - +4 ring of protection
HPRegen 0.27/turn    j - +4 ring of protection
MPRegen 0.16/turn

%: no passive effects
@: brilliant, lethally poisoned (0 -> -25)
A: dopey 1, fire resistance 1, inability to read after injury 1
a: no special abilities


You were on level 5 of the Dungeon.
You visited 1 branch of the dungeon, and saw 5 of its levels.

You collected 395 gold pieces.

Inventory:

Hand Weapons
 f - a +2 short sword of venom
 k - a +1 sling of electrocution (weapon)
Armour
 a - a +0 robe (worn)
 l - a +2 cloak (worn)
 u - a +0 pair of gloves (worn)
Jewellery
 d - a +4 ring of protection (left hand)
 h - a ring of protection from fire
 j - a +4 ring of protection (right hand)
Wands
 o - a wand of flame (34)
 y - a wand of quicksilver (12)
Scrolls
 c - 3 scrolls of poison {unknown}
 e - a scroll of enchant weapon {unknown}
 g - 3 scrolls of identify {unknown}
 p - 2 scrolls of blinking {unknown}
 q - 6 scrolls of teleportation {unknown}
 s - a scroll of brand weapon {unknown}
 t - a scroll of fear {unknown}
 w - a scroll of enchant armour {unknown}
 x - a scroll of fog {unknown}
 C - a scroll of amnesia {unknown}
Potions
 b - 2 potions of magic
 m - a potion of lignification {unknown}
 n - a potion of might {unknown}
 r - a potion of curing {unknown}
 v - a potion of mutation
 z - a potion of invisibility {unknown}
 A - a potion of cancellation {unknown}
 B - a potion of heal wounds {unknown}
 D - a potion of degeneration {unknown}


   Skills:
 + Level 2.0 Fighting
 + Level 0.1 Short Blades
 + Level 7.2 Ranged Weapons
 + Level 3.7 Dodging
 - Level 2.4 Stealth
 + Level 5.4 Spellcasting
 + Level 5.7 Summonings
 * Level 3.8 Air Magic
 + Level 0.2 Evocations


You had 8 spell levels left.
You knew the following spells:

 Your Spells              Type           Power      Damage    Failure   Level
a - Summon Small Mammal   Summ           100%       N/A       1%          1
b - Call Imp              Summ           88%        N/A       1%          2
c - Summon Lightning Spi  Summ/Air       38%        N/A       14%         4
d - Blink                 Tloc           16%        N/A       16%         2

Your spell library contained the following spells:

 Spells                   Type           Power      Damage    Failure   Level
 Call Canine Familiar     Summ           44%        N/A       3%          3
 Lesser Beckoning         Tloc           16%        N/A       16%         2
 Momentum Strike          Conj/Tloc      16%        3d8       16%         2
 Summon Blazeheart Golem  Fire/Summ      26%        N/A       32%         4
 Haunt                    Necr/Summ      13%        N/A       100%        7
 Borgnjor's Revivificati  Necr           4%         N/A       100%        8
 Death's Door             Necr           4%         N/A       100%        9


Dungeon Overview and Level Annotations

Branches:
Dungeon (5/15)
 Temple: D:4-7

Altars:
Nemelex Xobeh
Beogh

Shops:
D:2 ?


Innate Abilities, Weirdness & Mutations

You are dopey. (Int -2)
Your flesh is heat resistant. (rF+)
You occasionally lose the ability to read scrolls when taking damage.


Message History

You are poisoned.
The water moccasin poisons you!
Fire: k) +1 sling (elec)
Press: ? - help, Q - select action, (/) - cycle Shift-Dir - straight line, f/p - water moccasin
Aim: a water moccasin (heavily wounded, ally target, 44% to hit)
You shoot a sling bullet.
The sling bullet hits the water moccasin but does no damage.
The water moccasin is heavily wounded.
You feel very sick.
Your quokka barely misses the water moccasin.
The water moccasin bites you.
You are more poisoned.
The water moccasin poisons you!
Your cerulean imp barely misses the water moccasin.
It was a potion of mutation.
You feel extremely strange.
You feel stupid.
You feel resistant to heat.
You occasionally lose the ability to read scrolls when taking damage.
You feel very sick.
Your quokka completely misses the water moccasin.
The water moccasin bites you.
You are more poisoned.
The water moccasin poisons you!
Your cerulean imp misses the water moccasin.
Your quokka barely misses the water moccasin.
Okay, then.
Okay, then.
Aiming: Quicksilver Bolt
Press: ? - help, Shift-Dir - straight line, f/p - water moccasin
Aim: a water moccasin (heavily wounded, ally target, 53% to hit)
The bolt of dispelling energy misses the water moccasin.
* * * LOW HITPOINT WARNING * * *
You feel extremely sick. The water moccasin bites you.
* * * LOW HITPOINT WARNING * * *
The water moccasin closely misses you.
Your cerulean imp misses the water moccasin.
Your quokka bites the water moccasin.
It was a potion of brilliance.
You feel clever all of a sudden.
You die...

##.....[.........
#...###..........# .#
.........#######.# .#
#...###..# #.##.##
.........# #.#...#
.........# #.#...###
.......#.# #.......#
#...####.#######........
#...# #........@S?....#
#...# #####....r5.....#
##.## #.###........ ...#
#.# #.......# #### #.#
#.#...#.# #.# #.##### #
#.# #..# #### #.#
##.#### .... #.# #.##..


You could see a water moccasin (ally target), a friendly cerulean imp (summoned)
and a friendly quokka (summoned).

Vanquished Creatures
  A water moccasin (D:5)
  An ice beast (D:5)
  A phantom (D:4)
  A scorpion (D:5)
  5 killer bees (D:5)
  3 hounds
  An iguana (D:4)
  2 orc wizards (D:4)
  Natasha (thrice) (D:2)
  5 adders
  2 dart slugs
  A ribbon worm (D:4)
  8 orcs
  5 endoplasms
  3 giant cockroaches
  8 goblins
  6 hobgoblins
  5 kobolds
  2 quokkas
  5 ball pythons
  A bat (D:3)
  5 frilled lizards
  3 rats
77 creatures vanquished.

Vanquished Creatures (collateral kills)
  A sleepcap (D:5)
  2 adders
  A dart slug (D:1)
  6 endoplasms (D:1)
  4 giant cockroaches (D:1)
  4 goblins
  4 jackals (D:1)
  7 ball pythons
  4 bats (D:1)
  2 frilled lizards
  4 kobolds
  2 rats (D:1)
41 creatures vanquished.

Grand Total: 118 creatures vanquished

Notes
Turn   | Place    | Note
-------+----------+-------------------------------------------
     0 | D:1      | lyrin the Deep Elf Summoner began the quest for the Orb.
     0 | D:1      | Reached XP level 1. HP: 10/10 MP: 6/6
   378 | D:1      | Reached XP level 2. HP: 15/15 MP: 5/8
   558 | D:1      | Reached skill level 5 in Summonings
   803 | D:1      | Learned a level 2 spell: Call Imp
   834 | D:1      | Reached XP level 3. HP: 19/19 MP: 8/10
  1667 | D:2      | Reached XP level 4. HP: 24/24 MP: 10/12
  1672 | D:2      | Learned a level 4 spell: Summon Lightning Spire
  1683 | D:2      | Found Lauger's Magic Scroll Shop.
  1929 | D:2      | Noticed Natasha
  1930 | D:2      | Killed Natasha
  1931 | D:2      | Reached skill level 1 in Ranged Weapons
  1942 | D:2      | Found Lauger's Magic Scroll Shop.
  1968 | D:2      | Noticed Natasha
  1971 | D:2      | Killed Natasha
  1971 | D:2      | Noticed Natasha
  1972 | D:2      | Reached skill level 2 in Ranged Weapons
  1975 | D:2      | Killed Natasha
  1976 | D:2      | Reached skill level 1 in Air Magic
  1976 | D:2      | Reached XP level 5. HP: 26/28 MP: 14/14
  2458 | D:2      | Found Lauger's Magic Scroll Shop.
  2869 | D:3      | Learned a level 2 spell: Blink
  3044 | D:4      | Reached skill level 3 in Ranged Weapons
  3113 | D:4      | Noticed a phantom
  3124 | D:4      | Killed a phantom
  3125 | D:4      | Reached skill level 5 in Spellcasting
  3125 | D:4      | Reached XP level 6. HP: 33/33 MP: 15/15
  3192 | D:4      | Reached skill level 4 in Ranged Weapons
  3721 | D:4      | Found a roughly hewn altar of Beogh.
  3756 | D:3      | Reached skill level 1 in Fighting
  4190 | D:5      | Entered Level 5 of the Dungeon
  4237 | D:5      | Reached skill level 5 in Ranged Weapons
  4365 | D:5      | Reached XP level 7. HP: 23/38 MP: 12/16
  4608 | D:5      | Reached skill level 6 in Ranged Weapons
  4641 | D:5      | Reached skill level 7 in Ranged Weapons
  4783 | D:5      | Found a sparkling altar of Nemelex Xobeh.
  4798 | D:5      | Reached XP level 8. HP: 44/44 MP: 18/18
  4853 | D:5      | Gained mutation: You are dopey. (Int -2) [potion of
                  | mutation]
  4853 | D:5      | Gained mutation: Your flesh is heat resistant. (rF+)
                  | [potion of mutation]
  4853 | D:5      | Gained mutation: You occasionally lose the ability to read
                  | scrolls when taking damage. [potion of mutation]
  4855 | D:5      | Succumbed to a water moccasin's poison

Illustrated notes

Levels and vault maps discovered:
D:1:      minmay_arrival_doors, layout_loops_corners, minmay_octomino_e4
D:2:      layout_rooms, serial_shops, shop, uniq_natasha
D:3:      layout_rooms, serial_aquarium, aquarium_bridge_square
          [aquarium_subvault_bridge, aquarium_subvault_wall,
          aquarium_subvault_wall, aquarium_subvault_bridge], aquarium_window_1,
          aquarium_window_fake, aquarium_window_corridor_1, aquarium_view_2a,
          aquarium_view_2d, aquarium_balcony_5b, aquarium_pool_2
D:4:      cheibrodos_greedy_goblins, layout_basic, kennysheep_orc_chapel
D:5:      layout_loops_ring, nicolae_overflow_crystal_walls

Skill      XL: |  1  2  3  4  5  6  7 |
---------------+----------------------+-----
Summonings     | 5 |  5.7
Spellcasting   | 4 5 |  5.4
Ranged Weapons | 2 3 5 7 |  7.2
Air Magic      | 1 2 3 |  3.8
Dodging        | 3 |  3.7
Fighting       | 1 2 |  2.0
Short Blades   | |  0.1
Stealth        | |  2.4
Evocations     | |  0.2

Action                     |  1- 3 |  4- 6 |  7- 9 || total
---------------------------+-------+-------+-------++-------
  Melee: Short sword       |    12 |     8 |    22 ||    42
         Sling             |       |     1 |       ||     1
   Fire: Sling             |    12 |   186 |    35 ||   233
   Cast: Summon Small Mamm |    45 |     7 |     5 ||    57
         Call Imp          |    15 |     6 |     4 ||    25
  Evoke: Wand              |       |       |     7 ||     7
    Use: Potion            |       |       |     2 ||     2
 Armour: Robe              |    37 |   116 |    35 ||   188
  Dodge: Dodged            |    46 |    78 |    35 ||   159

Table legend: (Time is in decaauts)
 A = Elapsed time spent in this place.
 B = Non-inter-level travel time spent in this place.
 C = Inter-level travel time spent in this place.
 D = Time resting spent in this place.
 E = Time spent auto-exploring this place.
 F = Levels seen in this place.
 G = Mean time per level.
                   A        B        C        D        E       F      G
               +--------+--------+--------+--------+--------+-----+--------+
         Total |   4901 |   4800 |    101 |    242 |   3563 |   5 |  980.2 |
       Dungeon |   4901 |   4800 |    101 |    242 |   3563 |   5 |  980.2 |
               +--------+--------+--------+--------+--------+-----+--------+

Top non-repeatable levels by time:
     D:1: 1457 daAuts
     D:2: 1120 daAuts
     D:4: 1002 daAuts
     D:5: 669 daAuts
     D:3: 650 daAuts
